Map: Echo of the past

Players

llllllllllll - Winner!

  • Race: Protoss Protoss
  • League: Diamond

RuffRiderz

  • Race: Terran Terran
  • League: Platinum

VOD

Have the link to the VOD?

Description

Time

  • Played on: Aug. 28, 2016, 1:12 p.m.
  • Length: 12:44
Show
View Real Time Build Order
Export as new Build Order

llllllllllll Protoss - Winner!

Build Orders:  

Get SALT Encoding   

  12  0:01  Probe (Chrono Boost)  
  13  0:13  Probe (Chrono Boost)  
  14  0:20  Pylon  
  14  0:23  Probe (Chrono Boost)  
  15  0:40  Pylon  
  15  0:47  Forge  
  15  0:59  Pylon  
  15  1:04  Gateway  
  15  1:16  Gateway  
  15  1:32  Gateway  
  15  1:38  Gateway  
  15  1:48  Pylon  
  15  1:52  Zealot  
  17  2:04  Zealot  
  19  2:13  Pylon  
  19  2:19  Zealot  
  19  2:22  Zealot  
  23  2:42  Photon Cannon  
  23  2:45  Photon Cannon  
  23  2:57  Photon Cannon  
  23  3:08  Zealot  
  25  3:22  Zealot x2  
  26  3:34  Pylon  
  13  4:52  Cybernetics Core  
  11  5:45  Probe (Chrono Boost)  
  12  5:56  Probe (Chrono Boost)  
  13  6:15  Probe (Chrono Boost)  
  14  6:26  Probe (Chrono Boost)  
  15  6:46  Probe (Chrono Boost)  
  16  7:00  Probe (Chrono Boost)  
  17  7:11  Probe (Chrono Boost)  
  18  7:21  Probe (Chrono Boost)  
  19  7:34  Probe (Chrono Boost)  
  20  7:37  Assimilator  
  20  7:45  Probe (Chrono Boost)  
  21  7:55  Cybernetics Core  
  21  7:57  Probe (Chrono Boost)  
  22  8:08  Probe (Chrono Boost)  
  23  8:18  Probe (Chrono Boost)  
  24  8:29  Probe (Chrono Boost)  
  24  8:32  Assimilator  
  25  8:37  Stalker  
  27  8:43  Probe (Chrono Boost)  
  28  8:54  Probe (Chrono Boost)  
  29  9:04  Probe (Chrono Boost)  
  30  9:18  Pylon  
  30  9:22  Pylon  
  28  9:50  Photon Cannon  
  28  9:51  Mothership Core (Chrono Boost)  
  30  9:53  Photon Cannon, Stalker x2  
  31  10:24  Probe (Chrono Boost)  
  32  10:29  Stalker x2  
  36  10:44  Stalker  
  38  11:03  Probe (Chrono Boost)  
  39  11:13  Probe (Chrono Boost)  
  39  11:15  Pylon  
  39  11:17  Nexus  
  40  11:21  Pylon  
  38  12:04  Pylon  
Show
View Real Time Build Order
Export as new Build Order

RuffRiderz Terran 

Build Orders:  

Get SALT Encoding   

  12  0:01  SCV  
  13  0:13  SCV  
  14  0:18  Supply Depot  
  14  0:38  SCV  
  14  0:42  Barracks  
  15  0:50  SCV  
  16  1:15  Refinery, Barracks  
  16  1:17  SCV  
  17  1:28  Refinery  
  17  1:29  SCV  
  17  1:32  Barracks  
  18  1:41  SCV  
  18  1:42  Supply Depot  
  19  1:58  Reaper  
  20  2:03  Orbital Command  
  20  2:24  Bunker  
  20  2:25  Reaper  
  20  2:26  Reaper  
  22  2:30  Reaper  
  23  2:58  Reaper  
  24  3:22  Factory  
  3  5:00  Widow Mine  
  5  5:26  Reaper  
  8  5:38  Orbital Command  
  3  6:24  SCV  
  4  6:36  SCV  
  5  6:48  SCV  
  5  7:00  SCV  
  6  7:12  SCV  
  7  7:16  Factory  
  7  7:24  SCV  
  8  7:36  SCV  
  9  7:54  SCV  
  10  8:05  Widow Mine  
  10  8:06  SCV  
  13  8:17  Refinery  
  13  8:19  Refinery, SCV  
  14  8:31  SCV  
  15  8:40  Supply Depot  
  15  9:01  Widow Mine  
  15  9:02  SCV, Reaper  
  19  9:04  Supply Depot  
  19  9:14  SCV  
  18  9:25  Reaper  
  17  9:47  Supply Depot  
  17  9:55  Hellion  
  19  10:16  Hellion  
  18  10:31  Supply Depot  
  18  10:38  Hellion  
  21  10:50  SCV  
  21  10:57  Starport  
  21  10:59  Hellion  
  21  11:02  SCV  
  24  11:20  Cyclone  
  24  11:23  Marine x2  
  29  11:41  Marine x2  
  26  11:58  Marine  
Tags
 
Add a new tag
Caveats
  • Supply blocks, unpowered buildings, or Contaminate may cause inaccurate times.
  • Supply counts are checked every 10 seconds.